 Dungeon Crawl Stone Soup version 0.27.0-1-g7a089689b8 (webtiles) character file.

Game seed: 13933015125879736998

44 ZombieSheep the Twirler (level 3, -2/31 HPs)
             Began as a Gnoll Wanderer on Aug 6, 2021.
             Slain by an orc (3 damage)
             ... on level 3 of the Dungeon.
             The game lasted 00:02:20 (1336 turns).

ZombieSheep the Twirler (Gnoll Wanderer)            Turns: 1336, Time: 00:02:20

Health: -2/31      AC:  2    Str: 11    XL:     3   Next: 60%
Magic:  4/4        EV: 11    Int:  9    God:
Gold:   64         SH:  0    Dex: 14    Spells: 3/3 levels left

rFire    . . .     SeeInvis .   f - +2 trident (venom)
rCold    . . .     Faith    .   (no shield)
rNeg     . . .     Spirit   .   d - +0 robe
rPois    .         Reflect  .   (no helmet)
rElec    .         Harm     .   (no cloak)
rCorr    .         Rampage  .   (no gloves)
Will     .....                  (no boots)
Stlth    +++.......             (no amulet)
HPRegen  0.10/turn              (no ring)
MPRegen  0.09/turn              (no ring)

@: no status effects
A: fangs 1, strong nose, distributed training
a: no special abilities


You were on level 3 of the Dungeon.
You visited 1 branch of the dungeon, and saw 3 of its levels.

You collected 64 gold pieces.

Inventory:

Hand Weapons
 a - a +2 quarterstaff
 e - a +0 dagger
 f - a +2 trident of venom (weapon)
Missiles
 i - 3 boomerangs (quivered)
Armour
 d - a +0 robe (worn)
Scrolls
 h - 2 scrolls of fog
Potions
 b - a potion of curing
 c - a potion of lignification
 g - a potion of resistance
 k - 2 potions of degeneration {unknown}


   Skills:
 + Level 4.5 Fighting
 + Level 2.6 Short Blades
 + Level 0.9 Long Blades
 + Level 0.9 Axes
 + Level 0.9 Maces & Flails
 + Level 0.9 Polearms
 + Level 6.5 Staves
 + Level 0.9 Slings
 + Level 0.9 Bows
 + Level 0.9 Crossbows
 + Level 2.6 Throwing
 + Level 0.9 Armour
 + Level 0.9 Dodging
 + Level 6.0 Stealth
 + Level 0.9 Shields
 + Level 0.9 Unarmed Combat
 + Level 0.9 Spellcasting
 + Level 0.6 Conjurations
 + Level 0.6 Hexes
 + Level 0.6 Summonings
 + Level 0.6 Necromancy
 + Level 0.6 Translocations
 + Level 0.6 Transmutations
 + Level 0.6 Fire Magic
 + Level 0.6 Ice Magic
 + Level 0.6 Air Magic
 + Level 0.6 Earth Magic
 + Level 0.6 Poison Magic
 + Level 1.0 Invocations
 + Level 0.9 Evocations


You had 3 spell levels left.
You didn't know any spells.
Your spell library was empty.

Dungeon Overview and Level Annotations

Branches:
Dungeon (3/15)

Altars:

Shops:
D:2 (


Innate Abilities, Weirdness & Mutations

You have very sharp teeth.
Your uncanny sense of smell can sniff out nearby items.
Your experience applies equally to all skills.


Message History

The orc is severely wounded.
You hear a shout!
You completely miss the orc.
The orc is severely wounded.
The orc throws a boomerang.
The boomerang misses you. The orc hits you with a +0 flail!
You barely miss the orc.
The orc is severely wounded.
The orc closely misses you.
You closely miss the orc.
The orc is severely wounded.
The orc shouts!
The orc hits you with a +0 flail!
The orc throws a boomerang.
The boomerang barely misses you. The orc closely misses you.
You are too injured to fight recklessly!
You are too injured to fight recklessly!
Unknown command.
Throw: 3 boomerangs
Press: ? - help, Q - select action Shift-Dir - straight line, f/p - orc
Aim: an orc, wielding a +0 flail and wearing a +0 leather armour (severely wounded, 62% to hit)
Okay, then.
You closely miss the orc.
The orc is severely wounded.
The orc throws a boomerang.
The boomerang hits you.
* * * LOW HITPOINT WARNING * * *
The orc barely misses you.
You barely miss the orc. You bite the orc, but do no damage.
The orc is severely wounded.
The orc closely misses you.
You hit the orc.
You kill the orc!
The orc hits you with a +0 short sword.
* * * LOW HITPOINT WARNING * * *
The orc hits you with a +0 short sword.
* * * LOW HITPOINT WARNING * * *
Unknown command.
You hit the orc. You bite the orc, but do no damage.
The orc is heavily wounded.
The orc hits you with a +0 club.
You die...

.....####.....#
........#..)..#
........#.....#
........#.....##
.....####......#
# ######
#......## .# #
#.......##.# #
###.....o..#####
# #.....@o......
# #.....).......
#.............
#.............
######........
##.......
....... #......


You could see 2 orcs.

Vanquished Creatures
  A dart slug (D:1)
  2 orcs (D:3)
  2 ball pythons (D:1)
  5 endoplasms
  2 giant cockroaches
  3 goblins
  4 hobgoblins
  6 jackals
  3 bats
  A frilled lizard (D:2)
  2 kobolds (D:1)
  3 rats
34 creatures vanquished.

Notes
Turn   | Place    | Note
-------+----------+-------------------------------------------
     0 | D:1      | ZombieSheep the Gnoll Wanderer began the quest for the Orb.
     0 | D:1      | ZombieSheep set off with the following items: a +2
                  | quarterstaff, a potion of curing, a potion of
                  | lignification, a +0 robe, a +0 dagger
     0 | D:1      | Reached XP level 1. HP: 20/20 MP: 1/1
   160 | D:1      | Reached XP level 2. HP: 26/26 MP: 2/2
   610 | D:2      | Reached XP level 3. HP: 31/31 MP: 3/3
  1006 | D:2      | Found Qoquqab's Weapon Shoppe.
  1160 | D:2      | Reached skill level 1 in Invocations
  1335 | D:3      | HP: 1/31 [orc (4)]
  1336 | D:3      | Slain by an orc

Illustrated notes

Levels and vault maps discovered:
D:1:      wander_arrival_lonely_grave, layout_rooms
D:2:      layout_basic, serial_shops, shop
D:3:      layout_basic, ebering_ecumenical_altar_petrified,
          minmay_misc_feat_tower

Skill      XL: |  1  2  3 |
---------------+----------+-----
Stealth        | 6 |  6.0
Invocations    | 1 |  1.0
Fighting       | |  4.5
Short Blades   | |  2.6
Long Blades    | |  0.9
Axes           | |  0.9
Maces & Flails | |  0.9
Polearms       | |  0.9
Staves         | |  6.5
Slings         | |  0.9
Bows           | |  0.9
Crossbows      | |  0.9
Throwing       | |  2.6
Armour         | |  0.9
Dodging        | |  0.9
Shields        | |  0.9
Unarmed Combat | |  0.9
Spellcasting   | |  0.9
Conjurations   | |  0.6
Hexes          | |  0.6
Summonings     | |  0.6
Necromancy     | |  0.6
Translocations | |  0.6
Transmutations | |  0.6
Fire Magic     | |  0.6
Ice Magic      | |  0.6
Air Magic      | |  0.6
Earth Magic    | |  0.6
Poison Magic   | |  0.6
Evocations     | |  0.9

Action                   || total
-------------------------++-------
Melee: Trident           ||    72
       Bite              ||     7
       Quarterstaff      ||     1
Throw: Boomerang         ||     1
  Use: Scroll            ||     4
 Stab: Sleeping          ||    11
Armor: Robe              ||    11
Dodge: Dodged            ||    36
